TOP OF THE 1ST |
Manchester Fisher Cats batting - Pitching for Reading Phillies : LHP John Cerutti
|
Pitching: LHP John Cerutti
|
|
Batting: RHB Kevin Darst
|
0-0: Ball 1-0: Fly out, F8 (Flyball, 8LD, EV 102.5 MPH)
|
Batting: LHB Tim Derryberry
|
0-0: Ball 1-0: Ball 2-0: Foul Ball, location: 2F 2-1: SINGLE (Groundball, 34D, EV 100.0 MPH)
|
Batting: SHB Stan Javier
|
0-0: Ball 1-0: Called Strike 1-1: Ball 2-1: Ball 3-1: Base on Balls Tim Derryberry to second
|
Batting: RHB Joe Citari
|
0-0: Ball 1-0: Called Strike 1-1: Foul Ball, location: 2F 1-2: Foul Ball, location: 2F 1-2: Strikes out swinging
|
Batting: LHB Jessie Reid
|
0-0: Ball 1-0: Called Strike 1-1: Fly out, F8 (Flyball, 8RD, EV 100.6 MPH)
|
Top of the 1st over - 0 runs, 1 hit, 0 errors, 2 left on base; Manchester 0 - Reading 0 |
BOTTOM OF THE 1ST |
Reading Phillies batting - Pitching for Manchester Fisher Cats : LHP John Machin
|
Pitching: LHP John Machin
|
|
Batting: LHB George Johnson
|
0-0: Called Strike 0-1: Ball 1-1: Ball 2-1: Foul Ball, location: 2F 2-2: Ball 3-2: Foul Ball, location: 2F 3-2: Fly out, F8 (Flyball, 8LS, EV 86.3 MPH)
|
Batting: RHB Mark Sproesser
|
0-0: Called Strike 0-1: Foul Ball, location: 2F 0-2: Foul Ball, location: 2F 0-2: Ball 1-2: Strikes out swinging
|
Batting: LHB Martino Martin
|
0-0: Called Strike 0-1: Called Strike 0-2: Ball 1-2: Ball 2-2: Strikes out swinging
|
Bottom of the 1st over - 0 runs, 0 hits, 0 errors, 0 left on base; Manchester 0 - Reading 0 |
TOP OF THE 2ND |
Manchester Fisher Cats batting - Pitching for Reading Phillies : LHP John Cerutti
|
Batting: LHB Herbert Orensky
|
0-0: Called Strike 0-1: Ball 1-1: Foul Ball, location: 2F 1-2: Ball 2-2: Strikes out looking
|
Batting: SHB Danny Hernandez
|
0-0: Ball 1-0: Ball 2-0: Foul Ball, location: 2F 2-1: SINGLE (Groundball, 6D, EV 101.9 MPH)
|
Batting: LHB Carlos Cabassa
|
0-0: Ball 1-0: Fly out, F9 (Flyball, 89S, EV 85.0 MPH)
|
Batting: RHB Reymundo Estevez
|
0-0: Swinging Strike Passed Ball! Danny Hernandez to second 0-1: Foul Ball, location: 2F 0-2: Ground out 3-1 (Groundball, 34S, EV 86.9 MPH)
|
Top of the 2nd over - 0 runs, 1 hit, 0 errors, 1 left on base; Manchester 0 - Reading 0 |
BOTTOM OF THE 2ND |
Reading Phillies batting - Pitching for Manchester Fisher Cats : LHP John Machin
|
Batting: RHB Vincent Martelli
|
0-0: Ball 1-0: Ball 2-0: Swinging Strike 2-1: Foul Ball, location: 2F 2-2: Strikes out swinging
|
Batting: LHB Pedro Rabassa
|
0-0: Ball 1-0: Called Strike 1-1: Called Strike 1-2: Ball 2-2: Strikes out looking
|
Batting: RHB Thomas Thompson
|
0-0: Ball 1-0: Called Strike 1-1: Swinging Strike 1-2: Ball 2-2: Strikes out swinging
|
Bottom of the 2nd over - 0 runs, 0 hits, 0 errors, 0 left on base; Manchester 0 - Reading 0 |
TOP OF THE 3RD |
Manchester Fisher Cats batting - Pitching for Reading Phillies : LHP John Cerutti
|
Batting: RHB Kevin Darst
|
0-0: Called Strike 0-1: Called Strike 0-2: Strikes out swinging
|
Batting: LHB Tim Derryberry
|
0-0: Ball 1-0: Swinging Strike 1-1: Ball 2-1: Swinging Strike 2-2: Ball 3-2: Strikes out swinging
|
Batting: SHB Stan Javier
|
0-0: Called Strike 0-1: Swinging Strike 0-2: Ball 1-2: Ground out 4-3 (Groundball, 34, EV 80.0 MPH)
|
Top of the 3rd over - 0 runs, 0 hits, 0 errors, 0 left on base; Manchester 0 - Reading 0 |
BOTTOM OF THE 3RD |
Reading Phillies batting - Pitching for Manchester Fisher Cats : LHP John Machin
|
Batting: RHB Paul Wirkus
|
0-0: Called Strike 0-1: Ball 1-1: Foul Ball, location: 2F 1-2: Strikes out swinging
|
Batting: RHB Daniel Davidsmeier
|
0-0: SINGLE (Line Drive, 78S, EV 100.6 MPH)
|
Batting: LHB Alex Mata
|
0-0: Foul Ball, location: 2F 0-1: SINGLE (Groundball, 34D, EV 95.6 MPH) Daniel Davidsmeier to second Daniel Davidsmeier to third
|
Batting: LHB George Johnson
|
0-0: Ball 1-0: Fielders Choice at 2nd, 4-6 (Groundball, 4, EV 83.1 MPH) Daniel Davidsmeier scores
|
Batting: RHB Mark Sproesser
|
0-0: Ball 1-0: Fly out, F4 (Line Drive, 4, EV 68.1 MPH)
|
Bottom of the 3rd over - 1 run, 2 hits, 0 errors, 1 left on base; Manchester 0 - Reading 1 |
TOP OF THE 4TH |
Manchester Fisher Cats batting - Pitching for Reading Phillies : LHP John Cerutti
|
Batting: RHB Joe Citari
|
0-0: Ball 1-0: Ball 2-0: Called Strike 2-1: DOUBLE (Flyball, 8LXD, EV 109.4 MPH)
|
Batting: LHB Jessie Reid
|
0-0: Ground out 1-3 (Groundball, P, EV 72.5 MPH) Joe Citari to third
|
Batting: LHB Herbert Orensky
|
0-0: Called Strike 0-1: Ball 1-1: Fly out, F8 (Flyball, 78XD, EV 105.6 MPH) Runner from 3rd tags up, SCORES, no throw by CF
|
Batting: SHB Danny Hernandez
|
0-0: Swinging Strike 0-1: Ball 1-1: Foul Ball, location: 2F 1-2: Ball 2-2: Ground out 4-3 (Groundball, 4M, EV 88.1 MPH)
|
Top of the 4th over - 1 run, 1 hit, 0 errors, 0 left on base; Manchester 1 - Reading 1 |
BOTTOM OF THE 4TH |
Reading Phillies batting - Pitching for Manchester Fisher Cats : LHP John Machin
|
Batting: LHB Martino Martin
|
0-0: Called Strike 0-1: Fly out, F9 (Flyball, 9LM, EV 96.3 MPH)
|
Batting: RHB Vincent Martelli
|
0-0: Called Strike 0-1: Called Strike 0-2: Fly out, F4 (Popup, 23, EV 83.8 MPH)
|
Batting: LHB Pedro Rabassa
|
0-0: Ball 1-0: Foul Ball, location: 2F 1-1: Swinging Strike 1-2: Ball 2-2: Foul Ball, location: 2F 2-2: Ball 3-2: SINGLE (Groundball, 6M, EV 98.8 MPH)
|
Batting: RHB Thomas Thompson
|
0-0: Ball 1-0: Swinging Strike 1-1: Swinging Strike 1-2: Ball 2-2: Foul Ball, location: 2F 2-2: Ball 3-2: Ground out 4-3 (Groundball, 4M, EV 95.6 MPH)
|
Bottom of the 4th over - 0 runs, 1 hit, 0 errors, 1 left on base; Manchester 1 - Reading 1 |
TOP OF THE 5TH |
Manchester Fisher Cats batting - Pitching for Reading Phillies : LHP John Cerutti
|
Batting: LHB Carlos Cabassa
|
0-0: Ball 1-0: Foul Ball, location: 2F 1-1: Ball 2-1: Ball 3-1: Ground out 5-3 (Groundball, 56S, EV 86.3 MPH)
|
Batting: RHB Reymundo Estevez
|
0-0: Ball 1-0: Called Strike 1-1: Foul Ball, location: 2F 1-2: Foul Ball, location: 2F 1-2: Foul Ball, location: 2F 1-2: Ground out 6-3 (Groundball, 6, EV 103.8 MPH)
|
Batting: RHB Kevin Darst
|
0-0: Swinging Strike 0-1: Fly out, F5 (Line Drive, 5, EV 72.5 MPH)
|
Top of the 5th over - 0 runs, 0 hits, 0 errors, 0 left on base; Manchester 1 - Reading 1 |
BOTTOM OF THE 5TH |
Reading Phillies batting - Pitching for Manchester Fisher Cats : LHP John Machin
|
Batting: RHB Paul Wirkus
|
0-0: Ball 1-0: Ball 2-0: Ball 3-0: Called Strike 3-1: Called Strike 3-2: DOUBLE (Line Drive, 89D, EV 98.8 MPH)
|
Batting: RHB Daniel Davidsmeier
|
0-0: Ball 1-0: Ball 2-0: Ball 3-0: Called Strike 3-1: DOUBLE (Line Drive, 9LS, EV 100.6 MPH) Paul Wirkus scores
|
Batting: LHB Alex Mata
|
0-0: Ball 1-0: Ball 2-0: Bunt missed! 2-1: Bunted foul 2-2: Ball 3-2: SINGLE (Groundball, 4D, EV 94.4 MPH) Daniel Davidsmeier to third Runner from 3rd tries for Home, SAFE, throw by CF to home Alex Mata to second
|
Batting: LHB George Johnson
|
0-0: Ball 1-0: Called Strike 1-1: Ball 2-1: Ball 3-1: Base on Balls
|
Batting: RHB Mark Sproesser
|
0-0: Sac Bunt to 15 - play at first, batter OUT! 1-3 Alex Mata to third George Johnson to second
|
Batting: LHB Martino Martin
|
0-0: Called Strike 0-1: Foul Ball, location: 2F 0-2: Ball 1-2: Strikes out swinging
|
Batting: RHB Vincent Martelli
|
0-0: Ball 1-0: Ball 2-0: Foul Ball, location: 2F 2-1: Foul Ball, location: 2F 2-2: Foul Ball, location: 2F 2-2: Foul Ball, location: 2F 2-2: Ball 3-2: Foul Ball, location: 2F 3-2: Base on Balls
|
Batting: LHB Pedro Rabassa
|
0-0: Ball 1-0: Foul Ball, location: 2F 1-1: Ball 2-1: Ball 3-1: Foul Ball, location: 2F 3-2: Fly out, F5 (Popup, 15, EV 79.4 MPH)
|
Bottom of the 5th over - 2 runs, 3 hits, 0 errors, 3 left on base; Manchester 1 - Reading 3 |
TOP OF THE 6TH |
Manchester Fisher Cats batting - Pitching for Reading Phillies : LHP John Cerutti
|
Batting: LHB Tim Derryberry
|
0-0: Called Strike 0-1: Ball 1-1: Called Strike 1-2: Foul Ball, location: 2F 1-2: Ball 2-2: Ground out U3 (Groundball, 3S, EV 88.8 MPH)
|
Batting: SHB Stan Javier
|
0-0: Ball 1-0: Foul Ball, location: 2F 1-1: SINGLE (Groundball, 6MS, EV 61.3 MPH) (infield hit)
|
Batting: RHB Joe Citari
|
0-0: Ball 1-0: SINGLE (Groundball, 56D, EV 95.0 MPH) Stan Javier to second
|
Batting: LHB Jessie Reid
|
0-0: Ball Stan Javier steals 3rd base Joe Citari to second 1-0: 3-RUN HOME RUN (Flyball, 9LD, EV 103.1 MPH), Distance : 367 ft
|
Batting: LHB Herbert Orensky
|
0-0: Called Strike 0-1: Foul Ball, location: 2F 0-2: Hit by Pitch
|
Batting: SHB Danny Hernandez
|
0-0: Called Strike 0-1: Foul Ball, location: 2F 0-2: Fielders Choice at 2nd, 4-6 (Groundball, 4, EV 85.6 MPH)
|
Batting: LHB Carlos Cabassa
|
0-0: Ball 1-0: Swinging Strike 1-1: Fielders Choice at 2nd, 6-4 (Groundball, 6, EV 100.6 MPH)
|
Top of the 6th over - 3 runs, 3 hits, 0 errors, 1 left on base; Manchester 4 - Reading 3 |
BOTTOM OF THE 6TH |
Reading Phillies batting - Pitching for Manchester Fisher Cats : LHP John Machin
|
Batting: RHB Thomas Thompson
|
0-0: Fly out, F1 (Line Drive, P, EV 68.8 MPH)
|
Batting: RHB Paul Wirkus
|
0-0: DOUBLE (Flyball, 8LXD, EV 100.6 MPH)
|
Batting: RHB Daniel Davidsmeier
|
0-0: Ball 1-0: Called Strike 1-1: Fly out, F9 (Flyball, 9LS, EV 73.1 MPH)
|
Batting: LHB Alex Mata
|
0-0: Ball 1-0: Fly out, F7 (Flyball, 7LS, EV 76.9 MPH)
|
Bottom of the 6th over - 0 runs, 1 hit, 0 errors, 1 left on base; Manchester 4 - Reading 3 |
TOP OF THE 7TH |
Manchester Fisher Cats batting - Pitching for Reading Phillies : LHP John Cerutti
|
Batting: RHB Reymundo Estevez
|
0-0: Called Strike 0-1: Swinging Strike 0-2: Ball 1-2: Foul Ball, location: 2F 1-2: Foul Ball, location: 2F 1-2: Ball 2-2: Strikes out looking
|
Batting: RHB Kevin Darst
|
0-0: Called Strike 0-1: Fly out, F6 (Popup, 6M, EV 60.6 MPH)
|
Batting: LHB Tim Derryberry
|
0-0: Called Strike 0-1: Foul Ball, location: 2F 0-2: Strikes out swinging, 2-3 out at first.
|
Top of the 7th over - 0 runs, 0 hits, 0 errors, 0 left on base; Manchester 4 - Reading 3 |
BOTTOM OF THE 7TH |
Reading Phillies batting - Pitching for Manchester Fisher Cats : LHP John Machin
|
Batting: LHB George Johnson
|
0-0: Called Strike 0-1: Ball 1-1: Ground out 5-3 (Groundball, 56, EV 81.9 MPH)
|
Batting: RHB Mark Sproesser
|
0-0: Called Strike 0-1: Swinging Strike 0-2: Ground out 4-3 (Groundball, 4, EV 87.5 MPH)
|
Batting: LHB Martino Martin
|
0-0: Called Strike 0-1: Ball 1-1: SINGLE (Line Drive, 3D, EV 94.4 MPH)
|
Pitching: RHP Jesse Flores
|
|
Batting: RHB Vincent Martelli
|
0-0: Ball 1-0: Swinging Strike 1-1: Ball 2-1: Swinging Strike 2-2: Strikes out swinging
|
Bottom of the 7th over - 0 runs, 1 hit, 0 errors, 1 left on base; Manchester 4 - Reading 3 |
TOP OF THE 8TH |
Manchester Fisher Cats batting - Pitching for Reading Phillies : LHP John Cerutti
|
Batting: SHB Stan Javier
|
0-0: Ball 1-0: Ball 2-0: Foul Ball, location: 2F 2-1: Called Strike 2-2: Foul Ball, location: 2F 2-2: Foul Ball, location: 2F 2-2: Ball 3-2: SINGLE (Line Drive, 9S, EV 107.5 MPH)
|
Batting: RHB Joe Citari
|
0-0: Ball 1-0: Swinging Strike 1-1: Foul Ball, location: 2F 1-2: Foul Ball, location: 2F 1-2: Ball 2-2: Fly out, F9 (Flyball, 9LS, EV 83.8 MPH)
|
Batting: LHB Jessie Reid
|
0-0: Foul Ball, location: 2F 0-1: Ball 1-1: Foul Ball, location: 2F 1-2: Foul Ball, location: 2F 1-2: SINGLE (Groundball, 6M, EV 101.9 MPH) (infield hit) Stan Javier to second
|
Batting: LHB Herbert Orensky
|
0-0: Swinging Strike 0-1: Ball 1-1: Called Strike 1-2: Ball 2-2: Strikes out looking
|
Batting: SHB Danny Hernandez
|
0-0: Fly out, F8 (Line Drive, 8LM, EV 84.4 MPH)
|
Top of the 8th over - 0 runs, 2 hits, 0 errors, 2 left on base; Manchester 4 - Reading 3 |
BOTTOM OF THE 8TH |
Reading Phillies batting - Pitching for Manchester Fisher Cats : RHP Jesse Flores
|
Now at C: Buddy Pryor
|
|
Now at 3B: Randy Johnson
|
|
Now in CF: Mike Ciampa
|
|
Now in RF: Mel Hall
|
|
Batting: LHB Pedro Rabassa
|
0-0: Foul Ball, location: 2F 0-1: Ball 1-1: Ball 2-1: Fly out, F9 (Flyball, 9D, EV 96.3 MPH)
|
Batting: RHB Thomas Thompson
|
0-0: Swinging Strike 0-1: Ground out 4-3 (Groundball, 34D, EV 106.3 MPH)
|
Batting: RHB Paul Wirkus
|
0-0: SINGLE (Groundball, 6D, EV 97.5 MPH)
|
Pitching: RHP Keith Creel
|
|
Now in CF: Paul Croft
|
|
Pinch Hitting: LHB Jerald Hammermeister
|
0-0: Ball 1-0: Ball 2-0: Ball 3-0: Foul Ball, location: 2F 3-1: Fly out, F7 (Flyball, 78S, EV 89.4 MPH)
|
Bottom of the 8th over - 0 runs, 1 hit, 0 errors, 1 left on base; Manchester 4 - Reading 3 |
TOP OF THE 9TH |
Manchester Fisher Cats batting - Pitching for Reading Phillies : LHP John Cerutti
|
Now at 3B: Jerald Hammermeister
|
|
Batting: LHB Carlos Cabassa
|
0-0: Ball 1-0: Foul Ball, location: 2F 1-1: Ball 2-1: Ball 3-1: Base on Balls
|
Batting: RHB Reymundo Estevez
|
0-0: Bunted foul 0-1: Bunted foul 0-2: Ball 1-2: Ball 2-2: Ball 3-2: Base on Balls Carlos Cabassa to second
|
Batting: LHB Mel Hall
|
0-0: Called Strike 0-1: DOUBLE (Line Drive, 5D, EV 96.9 MPH) Carlos Cabassa scores Reymundo Estevez to third
|
Batting: RHB Paul Croft
|
0-0: Ball 1-0: Called Strike 1-1: Ball 2-1: Swinging Strike 2-2: Strikes out swinging
|
Batting: LHB Mike Ciampa
|
0-0: Ball 1-0: Fly out, F4 (Popup, 4MD, EV 41.9 MPH)
|
Batting: RHB Joe Citari
|
0-0: Intentional Walk
|
Batting: RHB Randy Johnson
|
0-0: DOUBLE (Line Drive, 9LS, EV 91.9 MPH) Reymundo Estevez scores Mel Hall scores Joe Citari to third Runner from 3rd tries for Home, SAFE, throw by RF to home
|
Pitching: LHP Frank Treto
|
|
Batting: RHB Buddy Pryor
|
0-0: Ground out 5-3 (Groundball, 56S, EV 88.8 MPH)
|
Top of the 9th over - 4 runs, 2 hits, 0 errors, 1 left on base; Manchester 8 - Reading 3 |
BOTTOM OF THE 9TH |
Reading Phillies batting - Pitching for Manchester Fisher Cats : RHP Keith Creel
|
Batting: LHB Alex Mata
|
0-0: Ball 1-0: Foul Ball, location: 2F 1-1: Ball 2-1: Ball 3-1: Ground out U3 (Groundball, 3, EV 84.4 MPH)
|
Batting: LHB George Johnson
|
0-0: Ball 1-0: Ball 2-0: Ball 3-0: Swinging Strike 3-1: Base on Balls
|
Batting: RHB Mark Sproesser
|
0-0: Called Strike 0-1: Called Strike 0-2: Foul Ball, location: 2F 0-2: Strikes out swinging
|
Batting: LHB Martino Martin
|
0-0: Ball 1-0: Called Strike 1-1: Ball 2-1: Ball 3-1: Ground out 4-3 (Groundball, 4, EV 87.5 MPH)
|
Bottom of the 9th over - 0 runs, 0 hits, 0 errors, 1 left on base; Manchester 8 - Reading 3 |
|